cohdb
Replays
Latest Replays
All Replays
Popular Replays
Top Player Replays
Match Explorer
How It Works
Community
CoH3 Stats
Reddit
Sign in to upload your games and track your stats! →
Sign in with Steam
Match 41702447
Unlisted
Match 41702447
Overview
Messages
Build Orders
End
Kettenkrad Recon Vehicle
Construct Infanterie Kompanie
Selects Mechanized Battlegroup
MG 42 Machine Gun Team
Grenadier Squad
Grenadier Squad
GrW 34 Mortar Team
Construct Panzergrenadier Kompanie
MG 42 Bunker
251 Medium Carrier
Panzergrenadier Squad
Pak 40 Anti-tank Gun Team
Pioneer Squad
Support Elements
Nebelwerfer 42 Rocket Launcher Team
Panzergrenadier Squad
StuG III G Assault Gun
Panzergrenadier Officer Quarters
Medical Station
Nebelwerfer 42 Rocket Launcher Team
Otis Veit
Emin3nt
giants041
Whisperer
[CI]Hosconinja557
Tib'vorak
SneaKerz
gb_gbg
0
0
Comments
sign in to comment!
No comments posted yet!